 Dungeon Crawl Stone Soup version 0.20.1-1-g8b1a95d (webtiles) character file.

43 Irenicus the Grave Robber (level 3, -3/28 HPs)
             Began as a Deep Dwarf Necromancer on Nov 5, 2017.
             Slain by a river rat (4 damage)
             ... in a sewer.
             The game lasted 00:06:42 (775 turns).

Irenicus the Grave Robber (Deep Dwarf Necromancer)   Turns: 775, Time: 00:06:43

Health: -3/28      AC:  3    Str:  8 (11) XL:     3   Next: 37%
Magic:  1/6        EV: 11    Int: 13 (15) God:
Gold:   26         SH:  0    Dex: 11 (14) Spells: 5/7 levels left

rFire    . . .     SeeInvis .   (no weapon)
rCold    . . .     Gourm    .   (no shield)
rNeg     . . .     Faith    .   f - +0 leather armour
rPois    .         Spirit   .   (no helmet)
rElec    .         Reflect  .   (no cloak)
rCorr    .         Harm     .   (no gloves)
MR       .....                  (no boots)
Stlth    ++........             (no amulet)
Regen    0.0/turn               (no ring)
MPRegen  0.1/turn               (no ring)

@: non-regenerating
A: damage resistance, heal wounds, sense surroundings 1, no regeneration
a: Heal Wounds


You were in a sewer.
You were hungry.

You visited 1 branch of the dungeon, and saw 4 of its levels.
You also visited: Sewer.

You collected 26 gold pieces.

Inventory:

Armour
 f - a +0 leather armour (worn)
Scrolls
 g - a scroll of enchant weapon
Books
 b - a book of Necromancy

   Spells                             Type                      Level
   a - Pain                           Necromancy                   1
   b - Animate Skeleton               Necromancy                   1
   c - Vampiric Draining              Necromancy                   3
   d - Regeneration                   Charms/Necromancy            3
   e - Animate Dead                   Necromancy                   4
   f - Control Undead                 Necromancy                   4
Comestibles
 c - 2 bread rations
 d - a royal jelly
 i - a meat ration


   Skills:
 - Level 2.1 Dodging
 - Level 2.4 Stealth
 + Level 2.7 Spellcasting
 - Level 5.0 Necromancy


You had 5 spell levels left.
You knew the following spells:

 Your Spells              Type           Power        Failure   Level  Hunger
a - Pain                  Necr           ##..         4%          1    #......
b - Animate Skeleton      Necr           N/A          4%          1    #......


Dungeon Overview and Level Annotations

Branches:
Dungeon (4/15)
 Temple: D:4-7

Altars:
Xom

Annotations:
D:4 Darkyelf's ghost, amateur FoAK


Innate Abilities, Weirdness & Mutations

You are resistant to damage.
You can heal yourself by infusing magical energy.
You passively map a small area around you.
You do not regenerate.


Message History

You hit the river rat but do no damage.
The river rat is heavily wounded.
The river rat closely misses you.
You barely miss the river rat.
The river rat is heavily wounded.
The river rat bites you but does no damage.
You hit the river rat but do no damage.
The river rat is heavily wounded.
The river rat bites you!
You hit the river rat but do no damage.
The river rat is heavily wounded.
The river rat barely misses you.
You hit the river rat but do no damage.
The river rat is heavily wounded.
The river rat bites you!
* * * LOW HITPOINT WARNING * * *
You hit the river rat but do no damage.
The river rat is heavily wounded.
The river rat bites you.
You die...

##### ##### ##.r@# * *
#∩..#####..### * r#*
###...##..##**
.r.##*##..†....#* , ,
,
.....##....)........,
,
....................,
,
≈....................,
≈
.....≈≈..............
,
≈≈≈≈≈≈≈≈≈≈.≈......≈.≈
≈


You could see a river rat.

Vanquished Creatures
  An adder (D:3)
  6 leopard geckos (D:4)
  An orc (D:3)
  4 bats
  2 giant cockroaches (D:4)
  4 hobgoblins
  3 kobolds
  A goblin (D:2)
  4 rats
26 creatures vanquished.

Notes
Turn   | Place    | Note
-------+----------+-------------------------------------------
     0 | D:1      | Irenicus the Deep Dwarf Necromancer began the quest for the Orb.
     0 | D:1      | Reached XP level 1. HP: 15/15 MP: 3/3
   214 | D:2      | Reached XP level 2. HP: 20/22 MP: 1/4
   280 | D:3      | Reached skill level 5 in Necromancy
   403 | D:4      | Found a shimmering altar of Xom.
   434 | D:4      | Learned a level 1 spell: Animate Skeleton
   437 | D:4      | Noticed Darkyelf's ghost (amateur FoAK)
   573 | D:4      | Noticed an ogre
   593 | D:4      | Reached XP level 3. HP: 10/28 MP: 2/6
   657 | D:4      | Found a glowing drain.
   709 | Sewer    | Entered a sewer
   774 | Sewer    | HP: 1/28 [river rat (8)]
   775 | Sewer    | Slain by a river rat

Skill      XL: |  1  2 |
---------------+-------+-----
Necromancy     | 5 |  5.0
Spellcasting   | 2 |  2.7
Dodging        | |  2.1
Stealth        | |  2.4

Action                   || total
-------------------------++-------
Melee: Dagger            ||    85
       Unarmed           ||    64
 Cast: Pain              ||    55
 Abil: Heal Wounds       ||     3
  Use: Potion            ||     4
       Scroll            ||     2
 Stab: Sleeping          ||     1
Armor: Robe              ||     4
       Leather armour    ||    32
Dodge: Dodged            ||   106
